 Dungeon Crawl Stone Soup version 0.22-a0-469-gf26638a (webtiles) character file.

56 mralvarus the Digger (level 3, -9/21 HPs)
             Began as a Gargoyle Earth Elementalist on June 12, 2018.
             Mangled by an ogre
             ... wielding a +0 giant club
              (19 damage)
             ... on level 2 of the Dungeon.
             The game lasted 00:07:04 (2131 turns).

mralvarus the Digger (Gargoyle Earth Elementalist)  Turns: 2131, Time: 00:07:05

Health: -9/21      AC:  6    Str: 11    XL:     3   Next: 97%
Magic:  7/7        EV: 12    Int: 16    God:
Gold:   74         SH:  0    Dex: 10    Spells: 6/7 levels left

rFire    . . .     SeeInvis .   a - +0 dagger
rCold    . . .     Gourm    .   (no shield)
rNeg     + . .     Faith    .   c - +0 robe
rPois    ∞         Spirit   .   (no helmet)
rElec    +         Reflect  .   e - +0 cloak
rCorr    .         Harm     .   (no gloves)
MR       .....                  (no boots)
Stlth    ++........             (no amulet)
HPRegen  0.07/turn              (no ring)
MPRegen  0.10/turn              (no ring)

@: no status effects
A: negative energy resistance 1, electricity resistance, unbreathing,
petrification resistance, rot immunity, AC +3
a: no special abilities


You were on level 2 of the Dungeon.
You were not hungry.

You visited 1 branch of the dungeon, and saw 2 of its levels.

You collected 74 gold pieces.

Inventory:

Hand Weapons
 a - a +0 dagger (weapon)
Missiles
 b - 71 stones (quivered)
Armour
 c - a +0 robe (worn)
 e - a +0 cloak (worn)
Jewellery
 l - a +5 amulet of reflection {unknown}
Scrolls
 g - a scroll of remove curse {unknown}
 h - 2 scrolls of identify
Potions
 f - 2 potions of agility {unknown}
 j - a potion of cancellation {unknown}
 k - 2 potions of brilliance {unknown}
Comestibles
 d - 4 rations


   Skills:
 * Level 2.0 Fighting
 + Level 0.6 Short Blades
 - Level 1.5 Dodging
 - Level 2.1 Stealth
 * Level 2.7 Spellcasting
   Level 0.7 Transmutations
 + Level 4.1 Earth Magic


You had 6 spell levels left.
You knew the following spells:

 Your Spells              Type           Power        Failure   Level  Hunger
a - Sandblast             Erth           ###...       3%          1    #......

Your spell library contained the following spells:

 Spells                   Type           Power        Failure   Level  Hunger
 Stone Arrow              Conj/Erth      #.....       24%         3    ###....
 Passwall                 Tmut/Erth      #.......     11%         2    ##.....
 Lee's Rapid Deconstruct  Erth           ###.......   69%         5    ######.
 Petrify                  Tmut/Erth      #.......     56%         4    #####..


Dungeon Overview and Level Annotations

Branches:
Dungeon (2/15)

Altars:
Gozag


Innate Abilities, Weirdness & Mutations

You are resistant to torment.
Your stone body is resilient. (AC +3)
You are immune to poison.
You resist negative energy. (rN+)
You are resistant to electric shocks. (rElec)
You can survive without breathing.
You are immune to petrification.
You are immune to rotting.


Message History

You barely miss the ogre.
The ogre is lightly wounded.
The ogre closely misses you.
You hit the ogre.
The ogre is lightly wounded.
The ogre closely misses you.
You hit the ogre.
The ogre is moderately wounded.
The ogre closely misses you.
You barely miss the ogre.
The ogre is moderately wounded.
You hit the ogre.
The ogre is heavily wounded.
The ogre hits you with a giant club!
Ouch! That really hurt!
You barely miss the ogre.
The ogre is heavily wounded.
The ogre hits you with a giant club!!
Ouch! That really hurt!
You die...

### ..# #.# #.#
##### #.# #
#####...#
#######.##.#
#.......##
.......O...#
#.##.....# #@#
##.....##
#######.##
#........
.........#
#........
#######..#
#......#. #..#
#.##..##.
#..#####.#.##.....
#........#.###.##.
##.#######.####...
#...#####...##....


You could see an ogre.

Vanquished Creatures
  An adder (D:2)
  An ooze (D:1)
  2 dart slugs (D:1)
  A leopard gecko (D:2)
  3 bats (D:2)
  2 giant cockroaches
  4 goblins (D:1)
  3 hobgoblins (D:1)
  7 jackals (D:1)
  A kobold (D:1)
  A quokka (D:2)
  4 frilled lizards
  4 rats
34 creatures vanquished.

Notes
Turn   | Place    | Note
-------+----------+-------------------------------------------
     0 | D:1      | mralvarus the Gargoyle Earth Elementalist began the quest for the Orb.
     0 | D:1      | Reached XP level 1. HP: 10/10 MP: 3/3
    71 | D:1      | Reached skill level 1 in Fighting
    71 | D:1      | Reached XP level 2. HP: 8/16 MP: 5/5
   885 | D:1      | Reached XP level 3. HP: 5/20 MP: 6/6
  1704 | D:2      | Reached skill level 4 in Earth Magic
  1779 | D:2      | Found an opulent altar of Gozag.
  2119 | D:2      | Noticed an ogre
  2131 | D:2      | Mangled by an ogre

Vault maps used:
D:1:      minmay_arrival_arboretum_small
D:2:      lemuel_doored_altar

Skill      XL: |  1  2  3 |
---------------+----------+-----
Fighting       | 1 2 |  2.0
Earth Magic    | 4 |  4.1
Short Blades   | |  0.6
Dodging        | |  1.5
Stealth        | |  2.1
Spellcasting   | |  2.7
Transmutations | |  0.7

Action                   || total
-------------------------++-------
Melee: Dagger            ||   174
       Unarmed           ||     3
 Cast: Sandblast         ||    11
  Use: Scroll            ||     3
 Stab: Sleeping          ||     3
  Eat: Chunk             ||     4
Armor: Robe              ||    89
Dodge: Dodged            ||   160

Table legend:
 A = Spawn XP
 B = Non-spawn XP
 C = Spawn XP percentage of total XP
 D = Spawn monster count
 E = Non-spawn monster count
 F = Spawn count percentage of total count
 G = Total turns spent on level
                    A         B        C        D         E        F      G
               +---------+---------+-------+---------+---------+-------+---------
         Total |       0 |      81 |   0.0 |       0 |      34 |   0.0 |  2131
               +---------+---------+-------+---------+---------+-------+---------
           D:1 |       0 |      51 |   0.0 |       0 |      23 |   0.0 |  1654
           D:2 |       0 |      30 |   0.0 |       0 |      11 |   0.0 |   477
               +---------+---------+-------+---------+---------+-------+---------
